 Dungeon Crawl Stone Soup version 0.19-a0-607-g42021f0 (webtiles) character file.

4640 pk666 the Cleaver (level 10, -9/138 HPs)
             Began as a Minotaur Berserker on June 12, 2016.
             Was a High Priest of Trog.
             Mangled by a 15-headed hydra (10 damage)
             ... on level 1 of the Lair of Beasts.
             The game lasted 00:14:13 (7456 turns).

pk666 the Cleaver (Minotaur Berserker)              Turns: 7456, Time: 00:14:14

Health: -9/138     AC: 20    Str: 31    XL:     10   Next: 20%
Magic:  9/9        EV: 11    Int:  4    God:    Trog [*****.]
Gold:   391        SH:  0    Dex:  9    Spells: 0 memorised, 9 levels left

rFire  . . .     SeeInvis .     D - +0 war axe
rCold  . . .     Gourm    .     F - +0 plate armour
rNeg   . . .     Faith    .     (no shield)
rPois  .         Spirit   .     (helmet restricted)
rElec  .         Dismiss  .     r - +0 cloak
rCorr  .         Reflect  .     J - +0 pair of gloves (curse)
SustAt .         Harm     .     g - +2 pair of boots
MR     .....                    (no amulet)
Stlth  ..........               (no ring)
                                (no ring)

@: berserking, very quick, not resistant to hostile enchantments, extremely
unstealthy
A: retaliatory headbutt, horns 2
a: Berserk, Trog's Hand, Brothers in Arms, Burn Spellbooks, Renounce Religion


You were on level 1 of the Lair of Beasts.
You worshipped Trog.
Trog was extremely pleased with you.
You were hungry.

You visited 2 branches of the dungeon, and saw 9 of its levels.

You collected 391 gold pieces.

Inventory:

Hand Weapons
 D - a +0 war axe (weapon)
Armour
 g - a +2 pair of boots (worn)
 r - a +0 cloak (worn)
 F - a +0 plate armour (worn)
 J - a cursed +0 pair of gloves (worn)
Rods
 l - a -1 rod of inaccuracy (10/10)
   (You found it on level 7 of the Dungeon)
Jewellery
 E - an uncursed ring of stealth {unknown}
Wands
 j - a wand of confusion (17/48)
 C - a wand of iceblast (7/15)
 G - a wand of flame (3/48)
 H - a wand of slowing (23/48)
 K - a wand of iceblast (9/15)
Scrolls
 a - a scroll of enchant armour {unknown}
 b - 3 scrolls of teleportation
 e - 4 scrolls of recharging
 i - 2 scrolls of blinking
 n - 10 scrolls of identify
 o - 2 scrolls of magic mapping
 u - a scroll of fear
 w - 2 scrolls of enchant weapon
 x - a scroll of immolation {unknown}
 y - a scroll of remove curse
 A - a scroll of noise {unknown}
Potions
 d - 2 potions of might
 h - a potion of magic {unknown}
 m - 2 potions of haste {unknown}
 p - a potion of lignification {unknown}
 q - a potion of heal wounds {unknown}
 t - a potion of degeneration {unknown}
 v - 5 potions of curing {unknown}
 z - 2 potions of brilliance {unknown}
 B - a potion of ambrosia {unknown}
 I - a potion of cancellation {unknown}
Comestibles
 c - 3 bread rations
 f - 3 meat rations
 k - a beef jerky
 s - 4 fruits
 L - a royal jelly


   Skills:
 - Level 9.7 Fighting
 + Level 9.8 Axes
 + Level 9.2 Armour
 - Level 8.3 Dodging


You had 9 spell levels left.
You didn't know any spells.

Dungeon Overview and Level Annotations

Branches:
Dungeon (8/15)             Temple (0/1) D:5            Lair (1/6) D:8

Altars:
Ashenzari
Fedhas
Gozag
Hepliaklqana
Nemelex Xobeh
Okawaru
Qazlal
Trog
Yredelemnul
Zin

Annotations:
D:8 exclusion: ice statue


Innate Abilities, Weirdness & Mutations

You reflexively headbutt those who attack you in melee.
You have a pair of horns on your head.


Message History

The 13-headed hydra closely misses you.
You lop one of the 13-headed hydra's heads off!
The 12-headed hydra grows two more!
You hit the 14-headed hydra.
Your headbutt misses the 14-headed hydra.
The 14-headed hydra is severely wounded.
Unknown command.
You hack one of the 14-headed hydra's heads off!
The 13-headed hydra grows two more!
You slash the 15-headed hydra! You headbutt the 15-headed hydra!
The 15-headed hydra is almost dead.
The 15-headed hydra bites you but does no damage.
The 15-headed hydra bites you.
* * * LOW HITPOINT WARNING * * *
The 15-headed hydra bites you but does no damage. x2
The 15-headed hydra bites you.
* * * LOW HITPOINT WARNING * * *
The 15-headed hydra bites you but does no damage. x5
The 15-headed hydra barely misses you. The 15-headed hydra closely misses you.
The 15-headed hydra bites you!
You die...

#####.#
####..P..#
.........#
.........#
#######..#
#P..##
##..P#
#...P#
##@.##
#†D# #...#
....#
...##
.#..#
.....
..#..#


You could see a 15-headed hydra.

Vanquished Creatures
  Joseph (D:8)
  A komodo dragon (D:8)
  The ghost of tstbtto the Poker, an amateur CeFi (D:4)
  A mottled dragon (D:8)
  A water moccasin (D:5)
  An orc warrior (D:6)
  A sky beast (D:8)
  2 phantoms (D:8)
  3 black bears
  A necrophage (D:8)
  3 ice beasts
  An eye of draining (D:8)
  An ogre (D:8)
  4 centaurs
  A crocodile (D:8)
  A big kobold (D:7)
  4 giant frogs
  A wyvern zombie (D:6)
  A water moccasin skeleton (D:8)
  11 killer bees (D:7)
  2 howler monkeys
  4 crimson imps
  3 centaur zombies
  A hound (D:4)
  Crazy Yiuf (D:2)
  A centaur skeleton (D:5)
  3 orc priests
  6 orc wizards
  Jessica (D:2)
  5 iguanas (D:8)
  4 worker ants
  2 gnolls
  A howler monkey skeleton (D:4)
  9 adders
  2 shadow imps
  2 oozes
  An adder skeleton (D:4)
  2 worms (D:3)
  2 dart slugs
  6 giant geckos
  19 orcs
  13 bats
  7 giant cockroaches
  7 goblins
  6 hobgoblins
  5 jackals
  7 quokkas
  3 ball pythons
  2 giant gecko skeletons
  4 giant newts
  A jackal zombie (D:7)
  10 kobolds
  4 rats
  A fungus (D:2)
188 creatures vanquished.

Notes
Turn   | Place    | Note
--------------------------------------------------------------
     0 | D:1      | pk666 the Minotaur Berserker began the quest for the Orb.
     0 | D:1      | Reached XP level 1. HP: 19/19 MP: 0/0
    93 | D:1      | Reached XP level 2. HP: 18/27 MP: 1/1
   322 | D:1      | Reached ** piety under Trog
   322 | D:1      | Reached XP level 3. HP: 33/33 MP: 2/2
   542 | D:1      | Found a hazy altar of Hepliaklqana.
   866 | D:2      | Found a faded altar of an unknown god.
   908 | D:2      | Found an opulent altar of Gozag.
   934 | D:2      | Noticed Jessica
   936 | D:2      | Reached XP level 4. HP: 40/40 MP: 3/3
   940 | D:2      | Killed Jessica
  1274 | D:2      | Noticed Crazy Yiuf
  1281 | D:2      | Killed Crazy Yiuf
  1281 | D:2      | Reached XP level 5. HP: 47/47 MP: 4/4
  1449 | D:3      | Found a basalt altar of Yredelemnul.
  1525 | D:3      | Reached *** piety under Trog
  1597 | D:3      | Noticed a centaur
  1606 | D:3      | Killed a centaur
  1606 | D:3      | Reached skill level 5 in Fighting
  1606 | D:3      | Reached skill level 5 in Axes
  1967 | D:4      | Reached XP level 6. HP: 56/56 MP: 5/5
  2243 | D:4      | Noticed tstbtto's ghost (amateur CeFi)
  2249 | D:4      | Killed tstbtto's ghost
  2249 | D:4      | Reached skill level 5 in Armour
  2249 | D:4      | Reached XP level 7. HP: 62/62 MP: 6/6
  2689 | D:4      | Found a sparkling altar of Nemelex Xobeh.
  2871 | D:5      | Entered Level 5 of the Dungeon
  2883 | D:5      | Reached skill level 5 in Dodging
  2901 | D:5      | Found a blossoming altar of Fedhas.
  2945 | D:5      | Found a staircase to the Ecumenical Temple.
  3053 | D:5      | Found a bloodstained altar of Trog.
  3604 | D:6      | Reached XP level 8. HP: 21/71 MP: 7/7
  4144 | D:6      | Reached **** piety under Trog
  4682 | D:6      | Found a sparkling altar of Nemelex Xobeh.
  4999 | D:6      | Found a glowing silver altar of Zin.
  5263 | D:7      | Found a stormy altar of Qazlal.
  5414 | D:7      | Reached XP level 9. HP: 81/81 MP: 8/8
  5609 | D:7      | Found a shattered altar of Ashenzari.
  6121 | D:7      | Found a hazy altar of Hepliaklqana.
  6272 | D:8      | Reached ***** piety under Trog
  6391 | D:8      | Noticed an ice statue
  6435 | D:8      | Noticed Joseph
  6455 | D:8      | Killed Joseph
  6552 | D:8      | Found an iron altar of Okawaru.
  6681 | D:8      | Reached XP level 10. HP: 86/91 MP: 7/9
  7151 | D:8      | Found a staircase to the Lair.
  7396 | Lair:1   | Entered Level 1 of the Lair of Beasts
  7441 | Lair:1   | Noticed a six-headed hydra
  7456 | Lair:1   | HP: 3/138 [15-headed hydra (6)]
  7456 | Lair:1   | HP: 1/138 [15-headed hydra (2)]
  7456 | Lair:1   | Mangled by a 15-headed hydra

Vault maps used:
D:1:      dpeg_arrival_water_altar
D:2:      overflow_temple_1_default, ecumenical_altar_1, first_bread,
          minmay_misc_feat_ornament, uniq_crazy_yiuf_cottage, uniq_jessica
D:3:      yredelemnul_altar_generic
D:4:      st_stairs_4, nemelex_dance_club_becter
D:5:      lemuel_round_altar, lightli_temple_of_fire,
          minmay_temple_entry_junction, kennysheep_generic_room_7
D:6:      kennysheep_mini, nemelex_diamond_rough_becter
D:7:      lemuel_doored_altar, grunt_qazlal_clouds, cheibrodos_ashenzari_chains,
          sigmund_army
D:8:      lemuel_ice_statue, overflow_temple_1_default, erik_lair_dragon,
          uniq_joseph
Lair:1:   regret_index_bee_streams, minivault_25, uniq_nergalle

Skill      XL: |  1  2  3  4  5  6  7  8  9 10 |
---------------+-------------------------------+-----
Fighting       | 4 5 6 7 9 |  9.7
Armour         | 3 4 5 6 7 8 9 |  9.2
Axes           | 4 5 6 8 9 |  9.8
Dodging        | 3 4 5 6 8 |  8.3

Action                   |  1- 3 |  4- 6 |  7- 9 | 10-12 || total
-------------------------+-------+-------+-------+-------++-------
Melee: Hand axe          |    66 |   114 |    92 |       ||   272
       Headbutt          |     7 |    19 |    57 |    11 ||    94
       War axe           |       |       |   196 |    62 ||   258
Invok: Berserk           |     1 |     3 |     4 |     2 ||    10
  Use: Scroll            |     6 |     1 |     1 |       ||     8
  Eat: Chunk             |     1 |     7 |    19 |     3 ||    30
Armor: Ring mail         |    17 |       |       |       ||    17
       Scale mail        |    20 |    63 |    69 |       ||   152
       Plate armour      |       |       |   105 |    62 ||   167
Dodge: Dodged            |    46 |    79 |   213 |    48 ||   386
